AoeStats
← Ohh Madison :P

Arena

510400089Analyzed
3v3 RM · 2d ago on Sep 30, 2026· 53m 18s· 6 players
Game mode
Random Map
Map size
Normal (6 player)
Population
200
Speed
Normal
Resources
Standard
Victory
Conquest
Starting age
Dark Age
Ending age
Imperial Age
RankedLock teamsTeams togetherTeam positionsShared explorationLock speedFull tech treeHidden civsTurbo modeCheats
Victory
Defeat
🇩🇪 Saxons · Germany
1108
+19
🇩🇪 Khmer · Germany
1099
+19
🇮🇳 Bohemians · India
1091
+20
🇩🇪 Byzantines · Germany
1203
-21
🇩🇪 Malay · Germany
1185
-20
🇩🇪 Wei · Germany
1125
-17
Sir Gordon8100
7:33 Loom
9:58 Feudal Age
15:19 Castle Age
13:54 Double-Bit Axe
19:13 Horse Collar
25:36 Wheelbarrow
26:57 Hand Cart
31:15 Imperial Age
29:01 Town Watch
29:10 Gold Mining
29:26 Heavy Plow
29:39 Bow Saw
30:39 Fortified Wall
32:22 Gold Shaft Mining
31:37 Crossbowman
32:17 Fletching
32:27 Padded Archer Armor
32:40 Arbalester
33:24 Bodkin Arrow
33:55 Ballistics
34:36 Chemistry
34:23 Conscription
34:31 Bracer
34:53 Masonry
34:24 Treadmill Crane
36:06 Two-Man Saw
36:19 Thumb Ring
36:33 Leather Archer Armor
37:44 Ring Archer Armor
38:10 Stone Mining
38:57 Crop Rotation
37:56 Elite Skirmisher
42:55 Siege Engineers
Blackwarlock07
10:54 Feudal Age
15:26 Castle Age
13:37 Loom
15:00 Double-Bit Axe
14:57 Horse Collar
19:30 Bow Saw
19:28 Heavy Plow
28:14 Imperial Age
26:35 Wheelbarrow
28:09 Chemistry
27:06 Murder Holes
27:42 Scale Mail Armor
27:07 Pikeman
27:48 Squires
29:50 Ballistics
29:19 Arson
30:56 Two-Man Saw
30:11 Forging
30:17 Chain Mail Armor
29:55 Fletching
31:26 Siege Engineers
30:47 Halberdier
33:33 Houfnice
34:55 Padded Archer Armor
35:30 Iron Casting
37:02 Leather Archer Armor
38:45 Ring Archer Armor
41:44 Blast Furnace
41:28 Conscription
41:17 Wagenburg Tactics
41:18 Bodkin Arrow
42:26 Hand Cart
41:57 Town Watch
53:35 Plate Mail Armor
53:05 Bracer
53:56 Scale Barding Armor
54:04 Masonry
Prenos
11:02 Feudal Age
14:39 Castle Age
12:40 Double-Bit Axe
12:40 Horse Collar
17:10 Bow Saw
20:54 Wheelbarrow
21:02 Gold Mining
23:08 Heavy Plow
23:57 Ballistics
25:16 Stone Mining
29:50 Imperial Age
30:32 Gold Shaft Mining
30:15 Hand Cart
30:09 Heavy Scorpion
30:54 Double Crossbow
32:16 Chemistry
32:13 Conscription
33:03 Siege Engineers
34:24 Capped Ram
35:26 Siege Ram
46:21 Light Cavalry
47:11 Bloodlines
47:01 Husbandry
47:11 Scale Barding Armor
47:17 Forging
47:12 Hussar
48:29 Chain Barding Armor
48:45 Iron Casting
53:26 Blast Furnace
53:01 Plate Barding Armor
53:08 Plate Barding Armor
Ohh Madison :P
10:11 Feudal Age
10:00 Loom
15:29 Castle Age
13:39 Horse Collar
14:24 Double-Bit Axe
17:17 Bow Saw
17:57 Heavy Plow
21:47 Loom
22:48 Wheelbarrow
23:52 Gold Mining
25:00 Hand Cart
25:59 Stone Mining
26:48 Gold Shaft Mining
27:59 Stone Shaft Mining
31:49 Imperial Age
29:53 Scale Barding Armor
29:59 Forging
30:58 Chain Barding Armor
31:59 Iron Casting
30:56 Pikeman
31:44 Scale Mail Armor
32:46 Bloodlines
32:37 Husbandry
32:08 Elite Tiger Cavalry
33:23 Halberdier
37:24 Chain Mail Armor
38:09 Blast Furnace
37:57 Tuntian
38:28 Ming Guang Armor
41:57 Conscription
44:07 Squires
46:07 Onager
Kampfschafadmiral
10:50 Feudal Age
17:30 Castle Age
15:33 Double-Bit Axe
15:55 Horse Collar
17:53 Bow Saw
20:24 Gold Mining
24:19 Heavy Plow
31:32 Imperial Age
32:55 Chemistry
DS
11:26 Feudal Age
15:13 Castle Age
13:15 Horse Collar
13:20 Double-Bit Axe
18:38 Bow Saw
19:13 Heavy Plow
22:36 Scale Barding Armor
23:10 Forging
24:24 Wheelbarrow
24:40 Loom
25:24 Hand Cart
25:59 Chain Barding Armor
27:34 Husbandry
28:13 Gold Mining
29:49 Fletching
29:59 Padded Archer Armor
32:54 Imperial Age
30:38 Squires
30:40 Scale Mail Armor
30:35 Bodkin Arrow
31:17 Iron Casting
31:51 Ballistics
31:51 Leather Archer Armor
32:01 Elite Skirmisher
32:48 Thumb Ring
32:12 Pikeman
33:14 Halberdier
33:41 Arson
34:19 Chain Mail Armor
34:33 Guilds
35:54 Chemistry
34:56 Bracer
36:27 Ring Archer Armor
36:27 Plate Mail Armor
37:15 Light Cavalry
38:33 Plate Barding Armor
38:03 Hussar
44:33 Coinage
Connection lost

Rejoining the realm…

Still unreachable

The connection could not be restored.

Session expired

The server has moved on; the page needs a fresh start.